 Dungeon Crawl Stone Soup version 0.20.0-10-g0535bb4 (webtiles) character file.

15 puppykicker the Caller (level 2, 0/23 HPs)
             Began as a Hill Orc Summoner on June 6, 2017.
             Slain by a kobold (2 damage)
             ... on level 1 of the Dungeon.
             The game lasted 00:02:15 (829 turns).

puppykicker the Caller (Hill Orc Summoner)           Turns: 829, Time: 00:02:15

Health: 0/23       AC:  2    Str: 10    XL:     2   Next: 50%
Magic:  3/4        EV: 12    Int: 15    God:
Gold:   40         SH:  0    Dex: 11    Spells: 3/4 levels left

rFire    . . .     SeeInvis .   a - +0 hand axe
rCold    . . .     Gourm    .   (no shield)
rNeg     + . .     Faith    .   k - +0 robe
rPois    .         Spirit   .   (no helmet)
rElec    .         Reflect  .   (no cloak)
rCorr    .         Harm     .   (no gloves)
MR       .....                  (no boots)
Stlth    +.........             (no amulet)
Regen    0.1/turn               j - ring of loudness (curse)
MPRegen  0.1/turn               f - ring of positive energy

@: no status effects
A: no striking features
a: no special abilities


You were on level 1 of the Dungeon.
You were not hungry.

You visited 1 branch of the dungeon, and saw 1 of its levels.

You collected 40 gold pieces.


   Skills:
 + Level 1.0 Fighting
 * Level 0.3 Axes
 + Level 1.0 Armour
 + Level 1.9 Dodging
 - Level 1.5 Stealth
 - Level 1.5 Spellcasting
 - Level 4.0 Summonings


You had 3 spell levels left.
You knew the following spells:

 Your Spells              Type           Power        Failure   Level  Hunger
a - Summon Small Mammal   Summ           ##..         4%          1    ##.....

Inventory:

Hand Weapons
 a - a +0 hand axe (weapon)
Missiles
 n - 19 poisoned needles
Armour
 e - a +0 chain mail
 k - a +0 robe (worn)
Jewellery
 f - a ring of positive energy (right hand)
 j - a cursed ring of loudness (left hand)
Scrolls
 h - a scroll of teleportation {unknown}
 l - a scroll of remove curse {unknown}
Potions
 d - a potion of mutation {unknown}
 g - a potion of lignification {unknown}
 m - a potion of agility {unknown}
Books
 b - a book of Callings
Comestibles
 c - a bread ration
 i - 5 chunks of flesh {@w1}

Dungeon Overview and Level Annotations

Branches:
Dungeon (1/15)

Altars:

#.# .# #.########.#
##.#........####
#...............
#####..#.###.###########
.......#.# #.####.......
#####.##.###............
# #.##...(..###...⌠... #
#..........(@.......
#####.##.###.####Kr...##
...##........# .....#
......####...# #...## #
...##>........ ..+#
#.##### ...##.####...
..# #...... ...##.# #...
## ####.## ...##.# ##'##
#####.# +...+


You could see a kobold and a friendly rat.


Message History

The kobold throws a stone.
The stone closely misses you.
The kobold throws a stone.
The stone hits you.
Things that are here:
a stone; a short sword; a kobold corpse The kobold hits you.
* * * LOW HITPOINT WARNING * * *
You hit the kobold but do no damage. The kobold barely misses you.
You barely miss the kobold. The kobold hits you.
* * * LOW HITPOINT WARNING * * *
The kobold misses you.
You hit the kobold.
The kobold is moderately wounded.
The kobold misses you.
You hit the kobold but do no damage.
The kobold is moderately wounded.
The kobold hits you.
* * * LOW HITPOINT WARNING * * *
You closely miss the kobold.
The kobold is moderately wounded.
The kobold hits you.
* * * LOW HITPOINT WARNING * * *
You hit the kobold but do no damage.
The kobold is moderately wounded.
The kobold hits you.
* * * LOW HITPOINT WARNING * * *
The kobold hits you.
* * * LOW HITPOINT WARNING * * *
You are too injured to fight recklessly!
The kobold hits you.
You die...

Action                   || total
-------------------------++-------
Melee: Unarmed           ||    24
       Spear             ||    19
       Hand axe          ||    12
 Cast: Summon Small Mamm ||     8
Armor: Robe              ||    12
Dodge: Dodged            ||    37

Vault maps used:
D:1:      nicolae_arrival_somewhat_less_tricky_arrival

Notes
Turn   | Place    | Note
-------+----------+-------------------------------------------
     0 | D:1      | puppykicker the Hill Orc Summoner began the quest for the Orb.
     0 | D:1      | Reached XP level 1. HP: 14/14 MP: 3/3
    37 | D:1      | HP: 1/14 [jackal (1)]
   468 | D:1      | Reached XP level 2. HP: 22/22 MP: 4/4
   648 | D:1      | Reached skill level 1 in Fighting
   690 | D:1      | Reached skill level 1 in Armour
   828 | D:1      | HP: 2/23 [kobold (1)]
   829 | D:1      | Slain by a kobold

Vanquished Creatures
  A bat (D:1)
  3 goblins (D:1)
  A hobgoblin (D:1)
  A jackal (D:1)
  A kobold (D:1)
  A frilled lizard (D:1)
  3 rats (D:1)
11 creatures vanquished.

Vanquished Creatures (collateral kills)
  3 jackals (D:1)
  2 kobolds (D:1)
5 creatures vanquished.

Grand Total: 16 creatures vanquished
